 Dungeon Sprint DCSS version 0.27-a0-1565-gad902ab807 (webtiles) character file.

Game seed: 3397883969253165809

42838 mhtbhm the Severer (level 13, -38/139 HPs)
             Began as a Minotaur Monk on July 16, 2021.
             Was the Champion of Qazlal.
             Blown up by Daalo the pandemonium lord (44 damage)
             ... with a bolt of energy
             ... in the Dungeon (Sprint VII: "The Pits").
             The game lasted 00:09:39 (5012 turns).

mhtbhm the Severer (Minotaur Monk)                  Turns: 5012, Time: 00:09:39

Health: -38/139    AC: 33    Str: 25    XL:     13   Next: 87%
Magic:  3/23       EV: 11    Int:  2    God:    Qazlal [******]
Gold:   45         SH:  8    Dex: 17    Spells: 12/12 levels left

rFire    + . .     SeeInvis .   a - +2 war axe (freeze)
rCold    + . .     Faith    .   (no shield)
rNeg     . . .     Spirit   .   b - +3 gold dragon scales of Okawaru's Regard {rPois rF+ rC+ Str+3}
rPois    +         Reflect  .   (helmet restricted)
rElec    +         Harm     .   (no cloak)
rCorr    .         Rampage  .   o - +0 pair of gloves
Will     .....     NoTele   +   (no boots)
Stlth    ..........             C - amulet "Bujalal" {rElec Regen+ Int-5 Dex+5 Stlth+}
HPRegen  1.33/turn              l - +3 ring of protection
MPRegen  0.18/turn              m - +3 ring of protection

@: on berserk cooldown, slowed, repel missiles, very slow
A: horns 2, retaliatory headbutt
a: Renounce Religion, Upheaval, Elemental Force, Disaster Area


You were in the Dungeon.
You worshipped Qazlal.
Qazlal was exalted by your worship.
You visited 1 branch You collected 45 gold pieces.

Inventory:

Hand Weapons
 a - a +2 war axe of freezing (weapon)
Missiles
 y - 6 atropa-tipped darts (quivered)
 A - a curare-tipped dart
Armour
 b - the +3 gold dragon scales of Okawaru's Regard (worn) {rPois rF+ rC+ Str+3}
   (You found it in the Dungeon)

   Str:       It affects your strength (+3).
   rF:        It protects you from fire.
   rC:        It protects you from cold.
   rPois:     It protects you from poison.
 o - a +0 pair of gloves (worn)
Jewellery
 l - a +3 ring of protection (left hand)
 m - a +3 ring of protection (right hand)
 w - a ring of see invisible
 B - a ring of ice
 C - the amulet "Bujalal" (around neck) {rElec Regen+ Int-5 Dex+5 Stlth+}
   (You took it off a centaur warrior in the Dungeon)

   [amulet of regeneration]

   Int:       It affects your intelligence (-5).
   Dex:       It affects your dexterity (+5).
   rElec:     It insulates you from electricity.
   Regen:     It increases your rate of health regeneration.
   Stlth:     It makes you more stealthy.
Wands
 x - a wand of iceblast (10)
Scrolls
 h - 2 scrolls of blinking
 i - 5 scrolls of amnesia
 j - a scroll of summoning
 r - 2 scrolls of enchant armour
 s - a scroll of fear
 t - 2 scrolls of identify
 u - 2 scrolls of fog
Potions
 c - 2 potions of invisibility
 d - 6 potions of heal wounds
 e - 2 potions of haste
 f - 3 potions of magic
 g - 2 potions of berserk rage
 k - a potion of curing
 n - 2 potions of might
 p - a potion of brilliance {unknown}
 q - a potion of flight {unknown}
 v - 2 potions of mutation
Miscellaneous
 z - a phantom mirror


   Skills:
 + Level 19.6 Fighting
 + Level 20.4 Axes
 + Level 19.6 Armour
 + Level 12.3 Dodging
 - Level 3.4 Stealth
 + Level 15.6 Shields
 * Level 15.5 Invocations


You had 12 spell levels left.
You didn't know any spells.
Your spell library contained the following spells:

 Spells                   Type           Power      Damage    Failure   Level
 Poisonous Vapours        Pois/Air       0%         N/A       100%        2
 Inner Flame              Hex/Fire       0%         N/A       100%        3
 Mephitic Cloud           Conj/Pois/Air  0%         N/A       100%        3
 Cause Fear               Hex            0%         N/A       100%        4
 Fireball                 Conj/Fire      0%         3d3       100%        5
 Freezing Cloud           Conj/Ice/Air   0%         6-21      100%        5
 Iskenderun's Battlesphe  Conj           0%         2d6       100%        5
 Conjure Ball Lightning   Conj/Air       0%         3x3d6     100%        6
 Orb of Destruction       Conj           0%         N/A       100%        7
 Discord                  Hex            0%         N/A       100%        8


Dungeon Overview and Level Annotations

Branches:
Dungeon (1/1)

Altars:
Ashenzari
Cheibriados
Dithmenos
Elyvilon
Fedhas
Gozag
Hepliaklqana
Kikubaaqudgha
Makhleb
Nemelex Xobeh
Okawaru
Qazlal
Ru
Sif Muna
Trog
Uskayaw
Vehumet
Wu Jian
Xom
Yredelemnul
Zin
The Shining One
Beogh
Jiyva
Lugonu


Innate Abilities, Weirdness & Mutations

You have a pair of horns on your head.
You reflexively headbutt those who attack you in melee.


Message History

The freezing wraith is burned terribly!
You destroy the freezing wraith!
The blast of magma engulfs something!!
The blast of magma engulfs something!!!
Reactivating autopickup.
The blast of magma engulfs something!
Unknown command.
Unknown command.
Unknown command.
Unknown command.
Unknown command.
Unknown command.
Something tail-slaps you but does no damage.
Deactivating autopickup; reactivate with Ctrl-A.
Something tail-slaps you!!
* * * LOW HITPOINT WARNING * * *
A bolt of energy appears from out of thin air!
The bolt of energy misses you.
You hit something. You freeze something. You headbutt something.
Something tail-slaps you!
* * * LOW HITPOINT WARNING * * *
Unknown command.
You feel much better. Something tail-slaps you!
* * * LOW HITPOINT WARNING * * *
Something tail-slaps you but does no damage. x2
Unknown command.
Nature churns violently around you!
The blast of ice hits something!!
You hear a deafening roar!
You resist with some effort. Something tail-slaps you!!
* * * LOW HITPOINT WARNING * * *
Unknown command.
Unknown command.
Unknown command.
Unknown command.
Unknown command.
Unknown command.
Nature churns violently around you!
A bolt of energy appears from out of thin air!
The bolt of energy hits you!!!
You die...

#+# #.# #'# #.#
#§# #§# #.#
################{#
..........§..≈.☼@#
.........§§.§.§.°#
+##############.○#
#..# #§§# #.§#
#..# #..# #..#


There were no monsters in sight!

Vanquished Creatures
  Frances (D)
  A shadow dragon (D)
  Donald (D)
  A nagaraja (D)
  2 emperor scorpions (D)
  A ghost moth (D)
  A fire giant (D)
  A war gargoyle (D)
  A stone giant (D)
  Snorg (D)
  2 eidola (D)
  An ogre mage (D)
  A spriggan air mage (D)
  4 two-headed ogres (D)
  A centaur warrior (D)
  2 alligators (D)
  A death yak (D)
  A catoblepas (D)
  2 sixfirhies (D)
  A shadow wraith (D)
  A sea snake (D)
  A swamp dragon (D)
  3 deep trolls (D)
  A necromancer (D)
  Pikel (D)
  2 orc knights (D)
  2 phantasmal warriors (D)
  2 orc sorcerers (D)
  2 black mambas (D)
  6 elephants (D)
  A gargoyle (D)
  An unseen horror (D)
  A freezing wraith (D)
  A kobold demonologist (D)
  3 rime drakes (D)
  A polar bear (D)
  2 jumping spiders (D)
  A wind drake (D)
  4 blink frogs (D)
  A vampire (D)
  A flying skull (D)
  4 shadows (D)
  A tarantella (shapeshifter) (D)
  A redback (D)
  3 water elementals (D)
  10 yaks (D)
  A wyvern (D)
  A fire bat (D)
  A basilisk (D)
  6 vampire mosquitoes (D)
  A steam dragon (D)
  An acid dragon (D)
  Duvessa (D)
  A water moccasin (D)
  2 floating eyes (D)
  2 swamp drakes (D)
  A black bear (D)
  3 orc warriors (D)
  An ice beast (D)
  A sky beast (D)
  An ogre (D)
  5 wolves (D)
  4 lemures (D)
  3 kobold brigands (D)
  2 scorpions (D)
  Dowan (D)
  5 killer bees (D)
  A crimson imp (D)
  A hound (D)
  An iron imp (D)
  A mummy (D)
  3 adders (D)
  A gnoll (D)
  An adder zombie (D)
  An adder skeleton (D)
  6 orcs (D)
  A ball python (D)
  A bat zombie (D)
  An endoplasm (D)
  2 giant cockroaches (D)
  6 jackals (D)
  A kobold (D)
  A quokka (D)
  A ball python skeleton (D)
  A rat (D)
159 creatures vanquished.

Vanquished Creatures (others)
  A hydra (D)
  An efreet (D)
  A hornet (D)
  An orc warrior (D)
4 creatures vanquished.

Grand Total: 163 creatures vanquished

Notes
Turn   | Place    | Note
-------+----------+-------------------------------------------
     0 | D        | mhtbhm the Minotaur Monk began the quest for the Orb.
     0 | D        | Reached XP level 1. HP: 19/19 MP: 0/0
    21 | D        | Reached skill level 4 in Axes
    21 | D        | Reached XP level 2. HP: 18/28 MP: 1/1
    25 | D        | Found a bloodstained altar of Trog.
    25 | D        | Found a shimmering blue altar of Sif Muna.
    25 | D        | Found a viscous altar of Jiyva.
    25 | D        | Found a hazy altar of Hepliaklqana.
    25 | D        | Found an opulent altar of Gozag.
    26 | D        | Found a glowing golden altar of the Shining One.
    26 | D        | Found a glowing silver altar of Zin.
    26 | D        | Found a basalt altar of Yredelemnul.
    26 | D        | Found a shimmering altar of Xom.
    26 | D        | Found an ornate altar of the Wu Jian Council.
    26 | D        | Found a sacrificial altar of Ru.
    26 | D        | Found a stormy altar of Qazlal.
    26 | D        | Found an iron altar of Okawaru.
    26 | D        | Found a sparkling altar of Nemelex Xobeh.
    26 | D        | Found a burning altar of Makhleb.
    26 | D        | Found a blossoming altar of Fedhas.
    26 | D        | Found a white marble altar of Elyvilon.
    26 | D        | Found a shadowy altar of Dithmenos.
    26 | D        | Found a snail-covered altar of Cheibriados.
    29 | D        | Found a corrupted altar of Lugonu.
    29 | D        | Found a radiant altar of Vehumet.
    30 | D        | Found an ancient bone altar of Kikubaaqudgha.
    30 | D        | Found a hide-covered altar of Uskayaw.
    30 | D        | Found a broken altar of Ashenzari.
    35 | D        | Became a worshipper of Qazlal Stormbringer
    35 | D        | Reached * piety under Qazlal
    35 | D        | Reached ** piety under Qazlal
   223 | D        | Noticed a floating eye
   224 | D        | Noticed an ice beast
   227 | D        | Paralysed by a floating eye for 2 turns
   230 | D        | Killed a floating eye
   230 | D        | Reached *** piety under Qazlal
   231 | D        | Reached skill level 7 in Axes
   231 | D        | Reached XP level 3. HP: 23/39 MP: 2/2
   231 | D        | Reached XP level 4. HP: 28/47 MP: 3/3
   235 | D        | Killed an ice beast
   236 | D        | Reached skill level 8 in Axes
   236 | D        | Reached XP level 5. HP: 37/56 MP: 4/4
   434 | D        | Noticed a wolf
   442 | D        | Reached **** piety under Qazlal
   443 | D        | Reached skill level 9 in Axes
   451 | D        | Killed a wolf
   452 | D        | Reached XP level 6. HP: 32/64 MP: 5/5
   465 | D        | Reached ***** piety under Qazlal
   687 | D        | Noticed a flying skull
   704 | D        | Killed a flying skull
   705 | D        | Reached skill level 10 in Fighting
   705 | D        | Reached skill level 10 in Axes
   705 | D        | Reached skill level 1 in Shields
   719 | D        | Noticed a shadow
   731 | D        | Killed a shadow
   732 | D        | Reached skill level 11 in Axes
   732 | D        | Reached skill level 5 in Armour
   732 | D        | Reached XP level 7. HP: 43/74 MP: 6/6
   981 | D        | Paralysed by a floating eye for 2 turns
  1003 | D        | Noticed a black mamba
  1003 | D        | Noticed a polar bear
  1023 | D        | Killed a black mamba
  1024 | D        | Reached skill level 12 in Axes
  1024 | D        | Reached XP level 8. HP: 33/83 MP: 7/7
  1036 | D        | Killed a polar bear
  1036 | D        | Reached ****** piety under Qazlal
  1037 | D        | Reached skill level 10 in Armour
  1046 | D        | Found the +8 whip "Snakebite" {venom, curare, rPois}
  1321 | D        | Noticed a deep troll
  1322 | D        | Noticed an orc sorcerer
  1323 | D        | Noticed an orc knight
  1324 | D        | Noticed a soul eater
  1326 | D        | Noticed Pikel
  1329 | D        | Killed an orc sorcerer
  1330 | D        | Reached skill level 13 in Axes
  1330 | D        | Reached skill level 5 in Shields
  1333 | D        | Killed a deep troll
  1334 | D        | Reached XP level 9. HP: 68/91 MP: 8/8
  1336 | D        | Killed an orc knight
  1344 | D        | Killed Pikel
  1345 | D        | Reached skill level 14 in Axes
  1754 | D        | Noticed a gargoyle
  1754 | D        | Noticed a phantasmal warrior
  1759 | D        | Reached XP level 10. HP: 81/101 MP: 9/9
  1760 | D        | Killed a phantasmal warrior
  1762 | D        | Reached skill level 15 in Axes
  1762 | D        | Killed a gargoyle
  1763 | D        | Reached skill level 10 in Dodging
  1893 | D        | Reached skill level 15 in Armour
  1901 | D        | Noticed an orc knight
  1902 | D        | Noticed a six-headed hydra
  1911 | D        | Killed an 11-headed hydra
  1935 | D        | Killed an orc knight
  1936 | D        | Reached skill level 16 in Axes
  2079 | D        | Noticed a phantasmal warrior
  2080 | D        | Noticed a deep troll
  2080 | D        | Noticed Duvessa
  2080 | D        | Noticed Dowan
  2085 | D        | Noticed a swamp dragon
  2089 | D        | Noticed an eidolon
  2093 | D        | Killed a deep troll
  2099 | D        | Killed Duvessa
  2102 | D        | Reached skill level 1 in Invocations
  2103 | D        | Reached XP level 11. HP: 95/111 MP: 9/11
  2104 | D        | Reached skill level 10 in Shields
  2109 | D        | Killed a phantasmal warrior
  2110 | D        | Reached skill level 17 in Axes
  2115 | D        | Killed an eidolon
  2124 | D        | Killed a swamp dragon
  2125 | D        | Reached skill level 15 in Fighting
  2125 | D        | Killed Dowan
  2589 | D        | Reached skill level 5 in Invocations
  2810 | D        | Killed a shadow wraith
  2835 | D        | Reached skill level 18 in Axes
  3080 | D        | Got the +3 gold dragon scales of Okawaru's Regard {rPois
                  | rF+ rC+ Str+3}
  3214 | D        | Noticed an eidolon
  3231 | D        | Killed an eidolon
  3241 | D        | Reached XP level 12. HP: 99/124 MP: 16/16
  3250 | D        | Noticed a two-headed ogre
  3258 | D        | Noticed a two-headed ogre
  3258 | D        | Noticed an ogre mage
  3260 | D        | Killed a two-headed ogre
  3260 | D        | Noticed a two-headed ogre
  3261 | D        | Noticed a two-headed ogre
  3264 | D        | Killed a two-headed ogre
  3265 | D        | Killed an ogre mage
  3266 | D        | Killed a two-headed ogre
  3268 | D        | Killed a two-headed ogre
  3514 | D        | Reached skill level 19 in Axes
  3656 | D        | Noticed a death yak
  3657 | D        | Noticed an emperor scorpion
  3666 | D        | Killed a death yak
  3690 | D        | Killed an emperor scorpion
  3911 | D        | Noticed Snorg
  3911 | D        | Noticed a spriggan air mage
  3911 | D        | Noticed a war gargoyle
  3911 | D        | Noticed a shadow dragon
  3913 | D        | Killed a spriggan air mage
  3939 | D        | Killed a shadow dragon
  3940 | D        | Reached skill level 10 in Invocations
  3940 | D        | Killed Snorg
  3957 | D        | Killed a war gargoyle
  4343 | D        | Noticed a stone giant
  4343 | D        | Noticed a catoblepas
  4344 | D        | Found the +11 plutonium sword {Contam Stlth-}
  4349 | D        | Killed a catoblepas
  4350 | D        | Reached XP level 13. HP: 119/136 MP: 20/20
  4355 | D        | Killed a stone giant
  4359 | D        | Identified the -2 kite shield of the Baker {Str+7}
  4359 | D        | Noticed Donald
  4362 | D        | Noticed a nagaraja
  4362 | D        | Noticed Frances
  4366 | D        | Killed a nagaraja
  4366 | D        | Noticed an emperor scorpion
  4371 | D        | Killed Donald
  4375 | D        | Identified the amulet "Bujalal" {rElec Regen+ Int-5 Dex+5
                  | Stlth+} (You took it off a centaur warrior in the Dungeon)
  4384 | D        | Killed Frances
  4385 | D        | Reached skill level 20 in Axes
  4385 | D        | Reached skill level 15 in Shields
  4720 | D        | Reached skill level 15 in Invocations
  4734 | D        | Killed an emperor scorpion
  4858 | D        | Killed a ghost moth
  4985 | D        | Noticed a fire giant
  4991 | D        | Killed a fire giant
  4994 | D        | Noticed Daalo the pandemonium lord
  5009 | D        | HP: 4/139 [something (14)]
  5012 | D        | Blown up by Daalo the pandemonium lord

Illustrated notes

Levels and vault maps discovered:
D:        pitsprint [storerooms_1, entrance_room_1, metal_vault_8, armoury_2,
          mini_pit_1, grid_room_1, main_hall_1, silver_pit, the_coven_1,
          the_vestibule_1, steel_vault_5, golden_pit, hallway_of_sentries,
          crystal_vault_6, iron_vault_3, final_vault]

Skill      XL: |  1  2  3  4  5  6  7  8  9 10 11 12 13 |
---------------+----------------------------------------+-----
Fighting       | 4 7 8 9 11 12 13 14 16 18 19 | 19.6
Axes           | 4 7 8 9 11 12 13 14 16 18 19 20 | 20.4
Dodging        | 4 6 7 8 9 11 12 | 12.3
Stealth        | 2 3 |  3.4
Armour         | 2 5 9 12 14 15 16 18 19 | 19.6
Shields        | 1 3 6 7 9 11 14 15 | 15.6
Invocations    | 1 7 11 15 | 15.5

Action                   |  1- 3 |  4- 6 |  7- 9 | 10-12 | 13-15 || total
-------------------------+-------+-------+-------+-------+-------++-------
Melee: Hand axe          |    16 |    70 |    47 |       |       ||   133
       Headbutt          |     2 |     8 |    16 |    57 |    20 ||   103
       War axe           |       |       |    37 |   249 |    81 ||   367
Invok: Disaster Area     |       |       |       |     5 |     6 ||    11
       Upheaval          |       |       |       |     1 |       ||     1
  Use: Potion            |     1 |     2 |     3 |    11 |     5 ||    22
       Scroll            |       |       |       |       |     1 ||     1
 Stab: Confused          |       |       |       |     1 |       ||     1
Armor: Robe              |     4 |     1 |       |       |       ||     5
       Plate armour      |       |    25 |    17 |       |       ||    42
       Scale mail        |       |       |    22 |    54 |       ||    76
       Gold dragon scale |       |       |       |   122 |    57 ||   179
Dodge: Dodged            |     5 |    12 |    39 |   148 |    24 ||   228
       Repelled          |       |       |       |     3 |     1 ||     4
Block: Other             |       |    10 |    33 |    85 |    25 ||   153

Table legend: (Time is in decaauts)
 A = Elapsed time spent in this place.
 B = Non-inter-level travel time spent in this place.
 C = Inter-level travel time spent in this place.
 D = Time resting spent in this place.
 E = Time spent auto-exploring this place.
 F = Levels seen in this place.
 G = Mean time per level.
                   A        B        C        D        E       F      G
               +--------+--------+--------+--------+--------+-----+--------+
         Total |   4917 |   4917 |      0 |   3194 |    341 |   1 | 4917.0 |
       Dungeon |   4917 |   4917 |      0 |   3194 |    341 |   1 | 4917.0 |
               +--------+--------+--------+--------+--------+-----+--------+

Top non-repeatable levels by time:
       D: 4917 daAuts
